 Dungeon Crawl Stone Soup version 0.22.1-2-g9c5b331 (webtiles) character file.

402 Lilu the Conjurer (level 6, -5/32 HPs)
             Began as a Deep Elf Conjurer on Nov 12, 2018.
             Slain by a river rat (7 damage)
             ... in a sewer.
             The game lasted 00:09:44 (3159 turns).

Lilu the Conjurer (Deep Elf Conjurer)               Turns: 3159, Time: 00:09:45

Health: -5/32      AC: 13    Str:  5    XL:     6   Next: 55%
Magic:  16/16      EV: 15    Int: 22    God:
Gold:   123        SH:  0    Dex: 15    Spells: 13/16 levels left

rFire    . . .     SeeInvis .   q - +7 scythe (protect)
rCold    . . .     Gourm    .   (shield currently unavailable)
rNeg     . . .     Faith    +   r - +0 robe {MR+}
rPois    .         Spirit   .   m - +2 helmet
rElec    .         Reflect  .   (no cloak)
rCorr    .         Harm     .   e - +0 pair of gloves
MR       +....                  (no boots)
Stlth    ++........             o - amulet of faith
HPRegen  0.10/turn              (no ring)
MPRegen  0.15/turn              (no ring)

@: protection aura
A: no striking features
a: no special abilities


You were in a sewer.
You were not hungry.

You visited 1 branch of the dungeon, and saw 3 of its levels.
You also visited: Sewer.

You collected 123 gold pieces.

Inventory:

Hand Weapons
 k - a +0 spear of venom
 q - a +7 scythe of protection (weapon)
Missiles
 j - 6 javelins (quivered)
Armour
 a - a +0 robe
 e - a +0 pair of gloves (worn)
 m - a +2 helmet (worn)
 r - a +0 robe of magic resistance (worn)
Jewellery
 o - an amulet of faith (around neck)
Wands
 l - a wand of digging (11)
Scrolls
 b - a scroll of magic mapping {unknown}
 g - 3 scrolls of identify {unknown}
 i - a scroll of immolation {unknown}
 s - a scroll of blinking {unknown}
Potions
 d - 2 potions of flight {unknown}
 f - 2 potions of brilliance {unknown}
 h - a potion of berserk rage {unknown}
 n - 2 potions of magic
 p - 2 potions of haste {unknown}
 u - a potion of curing {unknown}
Comestibles
 c - 6 rations
 t - a chunk of flesh


   Skills:
 + Level 5.3 Dodging
 - Level 2.4 Stealth
 + Level 5.9 Spellcasting
 + Level 6.1 Conjurations


You had 13 spell levels left.
You knew the following spells:

 Your Spells              Type           Power        Failure   Level  Hunger
a - Magic Dart            Conj           ####         1%          1    None
b - Searing Ray           Conj           ####..       1%          2    None

Your spell library contained the following spells:

 Spells                   Type           Power        Failure   Level  Hunger
 Dazzling Spray           Conj/Hex       ###...       8%          3    #......
 Iskenderun's Mystic Bla  Conj           ####....     8%          4    ###....
 Force Lance              Conj/Tloc      ###.....     26%         4    ###....
 Fulminant Prism          Conj/Hex       ###.......   26%         4    ###....


Dungeon Overview and Level Annotations

Branches:
Dungeon (3/15)

Altars:
Fedhas
Hepliaklqana
Okawaru
Xom


Message History

The rat closely misses you. The rat barely misses you. The river rat bites you.
The rat closely misses you.
The rat splashes around in the water.
The rat barely misses you. The river rat misses you. The rat misses you.
You closely miss the rat.
The rat misses you. x2; The river rat misses you.
The rat closely misses you. The rat barely misses you. x2
The river rat barely misses you. The rat misses you.
You hit the rat.
Your weapon exudes an aura of protection.
You kill the rat!
The rat bites you but does no damage. The adder bites you but does no damage.
The river rat barely misses you.
The rat splashes around in the water.
The rat bites you but does no damage. The adder bites you.
* * * LOW HITPOINT WARNING * * *
The river rat bites you!
* * * LOW HITPOINT WARNING * * *
The rat completely misses you.
It was a potion of magic.
Magic courses through your body. The adder closely misses you.
The rat barely misses you. The river rat bites you!
You die...

.....##
##......
......#
#......
.≈≈≈.##
##.≈≈.##
≈≈≈≈≈≈#
#≈≈≈≈≈≈#
≈≈≈≈≈≈#
#≈≈≈≈≈≈#
≈≈≈≈#≈#
#≈≈≈≈≈≈#
≈≈≈#≈≈#
#≈≈≈≈≈r#
≈≈≈≈≈≈#
#≈≈rSrr#
≈≈≈≈≈≈#
#≈≈≈@r≈#
≈≈≈≈≈.#
#≈...≈≈#
≈≈≈≈≈÷#
##.≈≈≈##
≈≈≈≈≈≈#
#≈≈≈≈≈≈#
≈≈≈#≈≈#
#≈≈≈≈≈≈#
≈≈≈≈#≈#
#≈≈≈≈≈≈#
≈≈≈≈≈≈#
#≈≈≈≈≈≈#
≈≈≈≈≈≈#
#≈≈≈≈≈≈#
≈≈≈≈≈≈#
#≈≈≈≈≈≈#


You could see an adder, a river rat and 4 rats.

Vanquished Creatures
  Sigmund (D:2)
  A bullfrog (D:2)
  Robin (D:2)
  5 adders
  4 river rats
  An ooze (Sewer)
  4 worms
  3 dart slugs
  2 leopard geckos
  6 giant cockroaches
  9 hobgoblins
  5 ball pythons (Sewer)
  9 bats
  4 frilled lizards
  8 goblins
  2 kobolds (D:1)
  28 rats
93 creatures vanquished.

Notes
Turn   | Place    | Note
-------+----------+-------------------------------------------
     0 | D:1      | Lilu the Deep Elf Conjurer began the quest for the Orb.
     0 | D:1      | Reached XP level 1. HP: 10/10 MP: 6/6
   483 | D:1      | Reached XP level 2. HP: 15/15 MP: 0/8
  1108 | D:1      | Reached XP level 3. HP: 19/19 MP: 8/10
  1432 | D:2      | Found an iron altar of Okawaru.
  1874 | D:2      | Reached skill level 5 in Conjurations
  1876 | D:2      | Noticed Robin
  1896 | D:2      | Killed Robin
  1896 | D:2      | Reached XP level 4. HP: 21/24 MP: 0/12
  2196 | D:2      | Noticed a bullfrog
  2201 | D:2      | Learned a level 2 spell: Searing Ray
  2205 | D:2      | Killed a bullfrog
  2205 | D:2      | Reached XP level 5. HP: 28/28 MP: 9/14
  2277 | D:2      | Noticed Sigmund
  2290 | D:2      | Killed Sigmund
  2290 | D:2      | Reached skill level 5 in Spellcasting
  2290 | D:2      | Reached XP level 6. HP: 19/32 MP: 6/16
  2571 | D:3      | Reached skill level 5 in Dodging
  2587 | D:3      | Found a blossoming altar of Fedhas.
  2689 | D:3      | Found a shimmering altar of Xom.
  2690 | D:3      | Found a hazy altar of Hepliaklqana.
  2690 | D:3      | Noticed an insubstantial wisp
  2691 | D:3      | Noticed an insubstantial wisp
  2691 | D:3      | Noticed a spectral ugly thing
  2697 | D:3      | Found a glowing drain.
  2738 | Sewer    | Entered a sewer
  2755 | Sewer    | Reached skill level 6 in Conjurations
  3159 | Sewer    | Slain by a river rat

Skill      XL: |  1  2  3  4  5  6 |
---------------+-------------------+-----
Dodging        | 3 4 5 |  5.3
Spellcasting   | 4 5 |  5.9
Conjurations   | 5 6 |  6.1
Stealth        | |  2.4

Action                   |  1- 3 |  4- 6 || total
-------------------------+-------+-------++-------
Melee: Unarmed           |     4 |       ||     4
       Spear             |       |     4 ||     4
       Scythe            |       |    50 ||    50
Throw: Javelin           |     5 |     2 ||     7
 Cast: Magic Dart        |    89 |    37 ||   126
       Searing Ray       |       |     6 ||     6
  Use: Potion            |       |     1 ||     1
 Stab: Sleeping          |       |     2 ||     2
  Eat: Chunk             |     3 |     4 ||     7
Armor: Robe              |     3 |    25 ||    28
Dodge: Dodged            |    14 |   128 ||   142
